 Dungeon Crawl Stone Soup version 0.21-a0-225-g207ae17 (webtiles) character file.

3208 qqqbard the Carver (level 9, 0/83 HPs)
             Began as a Minotaur Fighter on Aug 29, 2017.
             Was a Believer of Makhleb.
             Slain by a killer bee (5 damage)
             ... on level 8 of the Dungeon.
             The game lasted 00:08:24 (5811 turns).

qqqbard the Carver (Minotaur Fighter)               Turns: 5811, Time: 00:08:25

Health: 0/83       AC: 14    Str: 30    XL:     9   Next: 65%
Magic:  8/8        EV: 10    Int:  7    God:    Makhleb [**....]
Gold:   244        SH:  7    Dex:  9    Spells: 8/8 levels left

rFire    . . .     SeeInvis .   y - +0 scimitar
rCold    . . .     Gourm    .   B - +2 buckler
rNeg     . . .     Faith    .   J - +0 plate armour
rPois    .         Spirit   .   (helmet restricted)
rElec    .         Reflect  .   E - scarf {cloud immunity}
rCorr    .         Harm     .   (no gloves)
MR       .....                  t - +0 pair of boots
Stlth    ..........             (no amulet)
HPRegen  0.23/turn              x - +2 ring of intelligence
MPRegen  0.11/turn              (no ring)

@: mighty, lethally poisoned (0 -> -4)
A: retaliatory headbutt, horns 2
a: Minor Destruction, Renounce Religion


You were on level 8 of the Dungeon.
You worshipped Makhleb.
Makhleb was pleased with you.
You were hungry.

You visited 2 branches of the dungeon, and saw 9 of its levels.

You collected 244 gold pieces.

Inventory:

Hand Weapons
 a - a +1 long sword
 y - a +0 scimitar (weapon)
Armour
 b - a +0 scale mail
 c - a +1 shield
 t - a +0 pair of boots (worn)
 B - a +2 buckler (worn)
 E - a scarf of cloud immunity (worn)
 J - a +0 plate armour (worn)
Jewellery
 i - an uncursed ring of wizardry {unknown}
 x - a +2 ring of intelligence (left hand)
 G - a +3 amulet of reflection {unknown}
Wands
 m - a wand of lightning (6/15)
Scrolls
 j - 2 scrolls of fog
 k - a scroll of enchant weapon
 n - 3 scrolls of remove curse
 p - 3 scrolls of amnesia
 q - 3 scrolls of identify
 v - a scroll of teleportation {unknown}
 z - 2 scrolls of magic mapping {unknown}
 F - a scroll of fear {unknown}
 H - a scroll of immolation {unknown}
 I - a scroll of blinking
Potions
 d - 2 potions of might
 e - a potion of mutation {unknown}
 l - a potion of agility {unknown}
 o - a potion of degeneration {unknown}
 u - 4 potions of heal wounds {unknown}
 w - a potion of cancellation {unknown}
 A - 2 potions of curing
 C - a potion of berserk rage {unknown}
 D - a potion of haste {unknown}
 K - a potion of flight {unknown}
Comestibles
 f - 3 bread rations
 h - 3 fruits
 r - 3 meat rations
 s - 3 royal jellies


   Skills:
 * Level 9.1 Fighting
 * Level 9.4 Long Blades
 + Level 7.1 Armour
 + Level 5.4 Dodging
 + Level 7.3 Shields


You had 8 spell levels left.
You didn't know any spells.

Dungeon Overview and Level Annotations

Branches:
Dungeon (8/15)             Temple (1/1) D:5
   Lair: D:8-11

Altars:
Ashenzari
Cheibriados
Dithmenos
Elyvilon
Fedhas
Gozag
Hepliaklqana
Kikubaaqudgha
Makhleb
Nemelex Xobeh
Okawaru
Qazlal
Ru
Sif Muna
Trog
Uskayaw
Vehumet
Wu Jian
Xom
Yredelemnul
The Shining One

Shops:
D:5 =


Innate Abilities, Weirdness & Mutations

You reflexively headbutt those who attack you in melee.
You have a pair of horns on your head.


Message History

The killer bee is heavily wounded.
The killer bee misses you. You furiously retaliate!
You headbutt the killer bee.
The killer bee stings you but does no damage.
The killer bee closely misses you. You furiously retaliate!
You headbutt the killer bee!!
You kill the killer bee!
Makhleb accepts your kill.
You block the killer bee's attack. x2; The killer bee stings you.
* * * LOW HITPOINT WARNING * * *
The killer bee stings you!
* * * LOW HITPOINT WARNING * * *
You are feeling hungry.
Your plate armour prevents you from hitting the queen bee.
The killer bee stings you but does no damage.
The killer bee stings you!
* * * LOW HITPOINT WARNING * * *
You are poisoned.
The killer bee poisons you! The killer bee stings you.
You die...

...... .....
## .#...#....
... ........
#..#......#
##..#...#..
..........#
#.#.......#
......yyy.#
.#.###@#.#
.......y††..#
...........##
#...###.#....
... ?........
.. ##.#......
. .......#.
.......##.


You could see a queen bee and 3 killer bees.

Vanquished Creatures
  Menkaure (D:4)
  Duvessa (D:4)
  3 orc warriors (D:7)
  A necrophage (D:7)
  5 sky beasts
  A black bear (D:7)
  2 ogres
  2 centaurs
  A big kobold (D:6)
  Dowan (D:4)
  2 bullfrogs
  A wyvern zombie (D:7)
  2 scorpions
  3 killer bees (D:8)
  A howler monkey (D:7)
  A wight (D:8)
  A crimson imp (D:6)
  6 hounds
  2 bullfrog skeletons
  3 orc priests
  3 orc wizards
  A gnoll shaman (D:6)
  9 worker ants
  Ijyb (D:3)
  Natasha (twice) (D:2)
  An iguana (D:7)
  10 adders
  8 gnolls
  A shadow imp (D:6)
  An adder zombie (D:5)
  3 adder skeletons
  5 worms
  2 dart slugs
  A leopard gecko (D:1)
  20 orcs
  4 giant cockroaches
  16 goblins
  9 hobgoblins
  19 jackals
  7 quokkas
  A ball python (D:1)
  5 bats
  3 frilled lizards
  10 kobolds
  2 leopard gecko skeletons
  A leopard gecko zombie (D:5)
  A quokka skeleton (D:4)
  5 rats
191 creatures vanquished.

Notes
Turn   | Place    | Note
-------+----------+-------------------------------------------
     0 | D:1      | qqqbard the Minotaur Fighter began the quest for the Orb.
     0 | D:1      | Reached XP level 1. HP: 19/19 MP: 0/0
    53 | D:1      | Reached XP level 2. HP: 16/27 MP: 1/1
   367 | D:1      | Reached skill level 1 in Dodging
   608 | D:2      | Reached XP level 3. HP: 24/33 MP: 2/2
   751 | D:2      | Found a snail-covered altar of Cheibriados.
   874 | D:2      | Found a bloodstained altar of Trog.
   891 | D:2      | Noticed Natasha
   902 | D:2      | Killed Natasha
   902 | D:2      | Reached XP level 4. HP: 16/40 MP: 3/3
  1198 | D:2      | Noticed Natasha
  1206 | D:2      | Killed Natasha
  1344 | D:3      | Reached XP level 5. HP: 38/47 MP: 4/4
  1909 | D:3      | Noticed Ijyb
  1918 | D:3      | Killed Ijyb
  2146 | D:4      | Reached XP level 6. HP: 53/53 MP: 5/5
  2148 | D:4      | Reached skill level 5 in Long Blades
  2349 | D:4      | Found a stormy altar of Qazlal.
  2353 | D:4      | Reached skill level 5 in Fighting
  2451 | D:4      | Noticed Menkaure
  2460 | D:4      | Killed Menkaure
  2460 | D:4      | Reached XP level 7. HP: 33/61 MP: 6/6
  2505 | D:4      | Reached skill level 5 in Armour
  2618 | D:4      | Noticed Duvessa
  2618 | D:4      | Noticed Dowan
  2628 | D:4      | Killed Duvessa
  2628 | D:4      | Reached skill level 5 in Shields
  2643 | D:4      | Killed Dowan
  2886 | D:5      | Entered Level 5 of the Dungeon
  3000 | D:5      | Found a staircase to the Ecumenical Temple.
  3006 | Temple   | Entered the Ecumenical Temple
  3396 | D:5      | Reached XP level 8. HP: 46/71 MP: 7/7
  3490 | D:5      | Found Syof's Jewellery Shop.
  3765 | D:6      | Found a burning altar of Makhleb.
  3800 | D:6      | Became a worshipper of Makhleb the Destroyer
  4131 | D:6      | Reached * piety under Makhleb
  4340 | D:6      | Found a shimmering altar of Xom.
  4340 | D:6      | Found a shattered altar of Ashenzari.
  4345 | D:6      | Found a faded altar of an unknown god.
  4347 | D:6      | Found a basalt altar of Yredelemnul.
  4348 | D:6      | Found an opulent altar of Gozag.
  4934 | D:7      | Reached XP level 9. HP: 73/81 MP: 8/8
  5115 | D:7      | Reached ** piety under Makhleb
  5115 | D:7      | Reached skill level 5 in Dodging
  5804 | D:8      | Noticed a queen bee
  5811 | D:8      | Slain by a killer bee

Vault maps used:
D:1:      zelgadis_glass_arrival_small
D:2:      kennysheep_slug_shrine, old_standard_altar, minmay_misc_feat_encased,
          uniq_natasha
D:3:      kennysheep_goblin_castle
D:4:      marbit_many_paths, first_bread, uniq_duvessa, uniq_menkaure
D:5:      minmay_temple_entry_hall, serial_shops, nicolae_shop_crystal
D:6:      chequers_temple_overflow_minitemple, nicolae_overflow_crystal_walls,
          minmay_unpleasant_kobolds
D:8:      lair_entry_dummy, enter_bailey_8, david_nohive_1
Temple:   nicolae_temple_figure_eight

Skill      XL: |  1  2  3  4  5  6  7  8  9 |
---------------+----------------------------+-----
Long Blades    | 3 4 5 6 8 9 |  9.4
Dodging        | 1 2 3 4 5 |  5.4
Armour         | 4 5 6 7 |  7.1
Shields        | 4 5 6 7 |  7.3
Fighting       | 4 5 6 7 9 |  9.1

Action                   |  1- 3 |  4- 6 |  7- 9 || total
-------------------------+-------+-------+-------++-------
Melee: Long sword        |    98 |   105 |       ||   203
       Headbutt          |    16 |    34 |    75 ||   125
       Scimitar          |       |    17 |   291 ||   308
  Use: Scroll            |       |     9 |       ||     9
       Potion            |       |       |     3 ||     3
  Eat: Chunk             |       |     5 |    11 ||    16
Armor: Scale mail        |    27 |    46 |    49 ||   122
       Plate armour      |       |       |    83 ||    83
Dodge: Dodged            |    32 |    68 |   148 ||   248
Block: Shield            |    58 |    31 |       ||    89
       Buckler           |       |    21 |   125 ||   146
       Rpst.: Long sword |    12 |    18 |       ||    30
       Scimitar          |       |     4 |    40 ||    44

Table legend:
 A = Spawn XP
 B = Non-spawn XP
 C = Spawn XP percentage of total XP
 D = Spawn monster count
 E = Non-spawn monster count
 F = Spawn count percentage of total count
 G = Total turns spent on level
                    A         B        C        D         E        F      G
               +---------+---------+-------+---------+---------+-------+---------
         Total |     397 |    4186 |   8.7 |      18 |     173 |   9.4 |  5811
               +---------+---------+-------+---------+---------+-------+---------
           D:1 |       3 |      37 |   7.5 |       2 |      20 |   9.1 |   604
           D:2 |       4 |     120 |   3.2 |       2 |      17 |  10.5 |   722
           D:3 |      18 |     170 |   9.6 |       4 |      30 |  11.8 |   688
           D:4 |      72 |     726 |   9.0 |       3 |      24 |  11.1 |   872
           D:5 |       0 |     402 |   0.0 |       0 |      12 |   0.0 |   624
           D:6 |     171 |     686 |  20.0 |       6 |      32 |  15.8 |  1176
           D:7 |     129 |    1665 |   7.2 |       1 |      32 |   3.0 |   901
           D:8 |       0 |     380 |   0.0 |       0 |       6 |   0.0 |    24
               +---------+---------+-------+---------+---------+-------+---------
